 Dungeon Sprint DCSS version 0.25-a0-356-g7c9d860b3b (webtiles) character file.

Game seed: 3400423462709396966, levelgen mode: deterministic

5136 Lanoc the Severer (level 10, -13/99 HPs)
             Began as a Hill Orc Fighter on Jan 3, 2020.
             Was the Champion of Beogh.
             Mangled by a tyrant leech (23 damage)
             ... in the Dungeon (Sprint IX: "|||||||||||||||||||||||||||||").
             The game lasted 00:03:54 (1120 turns).

Lanoc the Severer (Hill Orc Fighter)                Turns: 1120, Time: 00:03:55

Health: -13/99     AC: 14    Str: 25    XL:     10   Next: 58%
Magic:  10/10      EV: 17    Int:  8    God:    Beogh [******]
Gold:   9          SH: 13    Dex: 16    Spells: 9/9 levels left

rFire    . . .     SeeInvis .   q - +3 war axe (chop)
rCold    . . .     Gourm    .   c - +0 shield
rNeg     . . .     Faith    .   d - +0 acid dragon scales
rPois    .         Spirit   .   s - +0 helmet
rElec    .         Reflect  .   (no cloak)
rCorr    +         Harm     .   t - +0 pair of gloves
MR       .....     NoTele   +   (no boots)
Stlth    +.........             (no amulet)
HPRegen  0.26/turn              v - +3 ring of dexterity
MPRegen  0.12/turn              b - +2 ring of protection

@: mighty
A: walk on water
a: Smiting, Recall Orcish Followers, Give Item to Named Follower, Resurrection,
Renounce Religion


You were in the Dungeon.
You worshipped Beogh.
Beogh was exalted by your worship.
You were not hungry.

You visited 1 branch You collected 9 gold pieces.

Inventory:

Hand Weapons
 a - a +0 war axe
 p - the +2 scimitar "Gikun" {freeze, rElec rPois rC++ Stlth+}
   (You found it in the Dungeon)

   It has been specially enchanted to freeze those struck by it, causing extra
   injury to most foes and up to half again as much damage against particularly
   susceptible opponents.
   It can also slow down cold-blooded creatures.
   It greatly protects you from cold.
   It insulates you from electricity.
   It protects you from poison.
   It makes you more stealthy.
 q - a +3 war axe of chopping (weapon)
 r - a +4 quarterstaff of speed
Armour
 c - a +0 shield (worn)
 d - +0 acid dragon scales (worn)
 s - a +0 helmet (worn)
 t - a +0 pair of gloves (worn)
Jewellery
 b - a +2 ring of protection (right hand)
 v - a +3 ring of dexterity (left hand)
Wands
 o - a wand of acid (10)
Scrolls
 k - 4 scrolls of blinking
 m - 3 scrolls of remove curse
 n - 2 scrolls of amnesia
 u - a scroll of identify
 w - 2 scrolls of enchant armour
 x - 2 scrolls of enchant weapon
Potions
 e - 6 potions of curing
 g - 3 potions of brilliance
 h - a potion of mutation
 i - 4 potions of magic
Comestibles
 f - a ration
 j - 7 chunks of flesh


   Skills:
 + Level 12.5 Fighting
 * Level 17.6 Axes
 + Level 11.5 Armour
 + Level 8.5 Dodging
 + Level 11.3 Shields


You had 9 spell levels left.
You didn't know any spells.
Your spell library was empty.

Dungeon Overview and Level Annotations

Branches:
Dungeon (1/1)

Altars:
Cheibriados
Dithmenos
Elyvilon
Fedhas
Gozag
Hepliaklqana
Kikubaaqudgha
Makhleb
Nemelex Xobeh
Okawaru
Qazlal
Ru
Sif Muna
Trog
Uskayaw
Vehumet
Wu Jian
Xom
Yredelemnul
Zin
The Shining One
Beogh
Jiyva
Lugonu


Message History

You slice the tyrant leech!!
You kill the tyrant leech!
Beogh accepts your kill.
The blink frog blinks!
You slash the tyrant leech!
The tyrant leech is lightly wounded.
The blink frog blinks!
You block the tyrant leech's attack.
You slice the tyrant leech!!
The tyrant leech is heavily wounded.
You closely miss the blink frog.
The blink frog hits you but does no damage.
You barely miss the tyrant leech.
The tyrant leech is heavily wounded.
You slash the blink frog!
The blink frog blinks!
The tyrant leech bites you!
* * * LOW HITPOINT WARNING * * *
The tyrant leech draws strength from your injuries!
You closely miss the tyrant leech.
The tyrant leech is heavily wounded.
The tyrant leech bites you!!
You die...

▓_▓.▓.▓
▓_▓.▓.▓
▓_▓.▓.▓
▓_▓.▓.▓
▓_▓.▓.▓
▓_▓.▓.▓
▓_▓.▓F▓
▓_▓.▓§▓
▓_▓.▓@▓
▓'▓.▓w▓
▓.▓.▓w▓
▓.▓.▓w▓
▓|▓.▓F▓
▓)▓.▓§▓
▓.▓.▓.▓
▓.▓.▓.▓
▓[▓.▓


You could see 3 tyrant leeches, a blink frog and a bullfrog.

Vanquished Creatures
  A hydra (D)
  A centaur warrior (D)
  An unseen horror (D)
  A spiny frog (D)
  A komodo dragon (D)
  2 tyrant leeches (D)
  A blink frog (D)
  A dream sheep (D)
  A yak (D)
  A wraith (D)
  A basilisk (D)
  An acid dragon (D)
  A soldier ant (D)
  5 water moccasins (D)
  2 porcupines (D)
  A phantom (D)
  A wolf (D)
  An ogre (D)
  A crocodile (D)
  3 bullfrogs (D)
  2 crimson imps (D)
  A howler monkey (D)
  A worker ant (D)
  An iguana (D)
  An adder (D)
  A worm (D)
  A leopard gecko (D)
  A giant cockroach (D)
  A goblin (D)
  A hobgoblin (D)
  A frilled lizard (D)
  A kobold (D)
  A rat (D)
42 creatures vanquished.

Notes
Turn   | Place    | Note
-------+----------+-------------------------------------------
     0 | D        | Lanoc the Hill Orc Fighter began the quest for the Orb.
     0 | D        | Reached XP level 1. HP: 19/19 MP: 1/1
     8 | D        | Reached skill level 3 in Axes
   132 | D        | Noticed a crimson imp
   146 | D        | Reached skill level 4 in Axes
   146 | D        | Reached skill level 1 in Dodging
   146 | D        | Reached XP level 2. HP: 27/27 MP: 2/2
   147 | D        | Killed a crimson imp
   147 | D        | Reached skill level 5 in Axes
   147 | D        | Reached XP level 3. HP: 35/35 MP: 3/3
   161 | D        | Reached skill level 5 in Fighting
   161 | D        | Reached skill level 6 in Axes
   169 | D        | Found a roughly hewn altar of Beogh.
   169 | D        | Found a snail-covered altar of Cheibriados.
   169 | D        | Found a shadowy altar of Dithmenos.
   169 | D        | Found a white marble altar of Elyvilon.
   169 | D        | Found a blossoming altar of Fedhas.
   169 | D        | Found an opulent altar of Gozag.
   170 | D        | Found a hazy altar of Hepliaklqana.
   171 | D        | Found a viscous altar of Jiyva.
   172 | D        | Found an ancient bone altar of Kikubaaqudgha.
   173 | D        | Found a corrupted altar of Lugonu.
   174 | D        | Found a burning altar of Makhleb.
   175 | D        | Found a sparkling altar of Nemelex Xobeh.
   176 | D        | Found an iron altar of Okawaru.
   177 | D        | Found a stormy altar of Qazlal.
   178 | D        | Found a sacrificial altar of Ru.
   179 | D        | Found a shimmering blue altar of Sif Muna.
   180 | D        | Found a bloodstained altar of Trog.
   181 | D        | Found a hide-covered altar of Uskayaw.
   182 | D        | Found a radiant altar of Vehumet.
   183 | D        | Found an ornate altar of the Wu Jian Council.
   184 | D        | Found a shimmering altar of Xom.
   185 | D        | Found a basalt altar of Yredelemnul.
   186 | D        | Found a glowing silver altar of Zin.
   187 | D        | Found a glowing golden altar of the Shining One.
   204 | D        | Became a worshipper of Beogh the Brigand
   237 | D        | Got the +2 scimitar "Gikun" {freeze, rElec rPois rC++
                  | Stlth+}
   275 | D        | Noticed an ogre
   275 | D        | Noticed a phantom
   280 | D        | Reached XP level 4. HP: 38/42 MP: 4/4
   284 | D        | Reached skill level 7 in Axes
   284 | D        | Reached skill level 5 in Armour
   284 | D        | Reached skill level 5 in Shields
   285 | D        | Reached * piety under Beogh
   285 | D        | Reached skill level 8 in Axes
   285 | D        | Reached XP level 5. HP: 40/50 MP: 5/5
   289 | D        | Killed an ogre
   289 | D        | Reached skill level 9 in Axes
   297 | D        | Noticed a centaur warrior
   297 | D        | Noticed a wraith
   297 | D        | Noticed a soldier ant
   297 | D        | Noticed an acid dragon
   305 | D        | Killed a centaur warrior
   305 | D        | Reached skill level 12 in Axes
   305 | D        | Reached skill level 5 in Dodging
   305 | D        | Reached XP level 6. HP: 6/63 MP: 6/6
   305 | D        | Reached XP level 7. HP: 7/70 MP: 7/7
   305 | D        | Reached XP level 8. HP: 8/78 MP: 8/8
   310 | D        | Reached ** piety under Beogh
   312 | D        | Reached skill level 13 in Axes
   315 | D        | Killed a wraith
   321 | D        | Reached *** piety under Beogh
   321 | D        | Reached skill level 10 in Fighting
   327 | D        | Killed an unseen horror
   327 | D        | Reached skill level 14 in Axes
   327 | D        | Reached XP level 9. HP: 31/86 MP: 9/9
   692 | D        | Reached **** piety under Beogh
   692 | D        | Reached skill level 15 in Axes
   693 | D        | Noticed a five-headed hydra
   721 | D        | Killed a 14-headed hydra
   721 | D        | Reached skill level 16 in Axes
   721 | D        | Reached skill level 10 in Armour
   721 | D        | Reached skill level 10 in Shields
   729 | D        | Reached ***** piety under Beogh
   731 | D        | Reached XP level 10. HP: 42/97 MP: 10/10
   996 | D        | Noticed a spiny frog
  1022 | D        | Reached skill level 17 in Axes
  1028 | D        | Killed a spiny frog
  1032 | D        | Reached ****** piety under Beogh
  1120 | D        | Mangled by a tyrant leech

Levels and vault maps discovered:
D:        linesprint [early_d, line_temple, items_1, d_10, items_2, lair_1,
          lair_end, items_3, orc_1, orc_end, items_4, d_15, swamp_1, shoals_1,
          snake_1, spider_1, d_20, vaults_1, items_5, swamp_end, shoals_end,
          snake_end, spider_end, vaults_end, d_27, items_6, zot_1, zot_end,
          crypt_end, forest_end, elf_end, slime_end, tomb_end, abyss_end,
          pan_hell_end]

Skill      XL: |  1  2  3  4  5  6  7  8  9 10 |
---------------+-------------------------------+-----
Axes           | 4 5 6 8 12 14 16 17 | 17.6
Fighting       | 4 5 6 9 10 11 12 | 12.5
Dodging        | 1 2 3 5 6 7 8 |  8.5
Armour         | 4 5 8 9 10 11 | 11.5
Shields        | 4 5 8 9 10 11 | 11.3

Action                   |  1- 3 |  4- 6 |  7- 9 | 10-12 || total
-------------------------+-------+-------+-------+-------++-------
Melee: War axe           |    54 |    12 |    64 |    70 ||   200
  Use: Potion            |     2 |     4 |     2 |     1 ||     9
 Stab: Invisible         |       |     1 |     2 |       ||     3
  Eat: Chunk             |       |       |       |     1 ||     1
Armor: Scale mail        |    18 |     7 |     2 |       ||    27
       Acid dragon scale |       |       |    15 |     7 ||    22
Dodge: Dodged            |    13 |     3 |    28 |    15 ||    59
Block: Shield            |    22 |     6 |    35 |    22 ||    85

Table legend:
 A = Non-vault XP
 B = Vault XP
 C = Vault XP percentage of total XP
 D = Non-vault monster count
 E = Vault monster count
 F = Vault count percentage of total count
                 A         B        C        D         E       F
            +---------+---------+-------+---------+---------+-------
      Total |       0 |    7338 | 100.0 |       0 |      42 | 100.0
            +---------+---------+-------+---------+---------+-------
          D |       0 |    7338 | 100.0 |       0 |      42 | 100.0
            +---------+---------+-------+---------+---------+-------
